 Dungeon Crawl Stone Soup version 0.25-a0-565-g8875c97ebb (webtiles) character file.

Game seed: 87767441937674076, levelgen mode: classic

22 EnegeticOcto the Covered (level 2, 24/28 HPs)
             Began as a Deep Dwarf Fighter on Feb 26, 2020.
             Was a Follower of Yredelemnul.
             Quit the game on level 3 of the Dungeon.
             The game lasted 00:00:16 (109 turns).

EnegeticOcto the Covered (Deep Dwarf Fighter)        Turns: 109, Time: 00:00:17

Health: 24/28      AC:  6    Str: 19    XL:     2   Next: 68%
Magic:  2/2        EV:  7    Int:  8    God:    Yredelemnul [*.....]
Gold:   5          SH:  9    Dex: 12    Spells: 1/1 levels left

rFire    . . .     SeeInvis .   a - +0 war axe
rCold    . . .     Gourm    .   c - +0 kite shield
rNeg     . . .     Faith    .   b - +0 scale mail
rPois    .         Spirit   .   (no helmet)
rElec    .         Reflect  .   (no cloak)
rCorr    .         Harm     .   (no gloves)
MR       .....                  (no boots)
Stlth    ..........             (no amulet)
HPRegen  0.00/turn              (no ring)
MPRegen  0.08/turn              (no ring)

@: mildly poisoned (24 -> 24), non-regenerating
A: damage resistance, heal wounds, sense surroundings 1, no regeneration
a: Heal Wounds, Animate Remains, Renounce Religion


You were on level 3 of the Dungeon.
You worshipped Yredelemnul.
Yredelemnul was aware of your devotion.
You were not hungry.

You visited 1 branch of the dungeon, and saw 3 of its levels.

You collected 5 gold pieces.

Inventory:

Hand Weapons
 a - a +0 war axe (weapon)
Armour
 b - a +0 scale mail (worn)
 c - a +0 kite shield (worn)
Potions
 k - a potion of might {@q3}
Comestibles
 e - a ration


   Skills:
 * Level 3.0 Fighting
 * Level 2.6 Axes
 + Level 3.4 Armour
 + Level 0.7 Dodging
 + Level 3.4 Shields


You had one spell level left.
You didn't know any spells.
Your spell library was empty.

Dungeon Overview and Level Annotations

Branches:
Dungeon (3/15)

Altars:
Yredelemnul


Innate Abilities, Weirdness & Mutations

You are resistant to damage.
You can heal yourself by infusing magical energy.
You passively map a small area around you.
You do not regenerate.


Message History

You kill the hobgoblin!
You block the hobgoblin's attack.
You slash the hobgoblin!
You kill the hobgoblin!
A hobgoblin comes into view. It is wielding a +0 club.
The hobgoblin shouts!
Things that are here:
a +0 club; a hobgoblin corpse
Found a stone staircase leading down.
You slash the hobgoblin!
You kill the hobgoblin!
You have reached level 2!
You now have 5 gold pieces.
An adder comes into view.
(D) Dungeon
Where to? (Enter - D:2, ? - help)
An adder is nearby!
The adder barely misses you.
Found 8 boomerangs of dispersal.
You miss the adder.
The adder bites you but does no damage. x2
You closely miss the adder. You block the adder's attack. x2
You miss the adder. The adder bites you.
You are poisoned.
The adder poisons you!
A giant cockroach comes into view.
You block the adder's attack.
The giant cockroach moves out of view.
You miss the adder. The adder barely misses you.
The adder bites you but does no damage.
You barely miss the adder.
The adder bites you but does no damage. x2
You closely miss the adder. You block the adder's attack.
The adder bites you but does no damage.
You closely miss the adder. The adder closely misses you. The adder bites you.
You are more poisoned.
The adder poisons you!
You slash the adder!
The adder is almost dead.
You block the adder's attack. The adder closely misses you.
You slash the adder!
You kill the adder!
Your Fighting skill increases to level 3!
You block the giant cockroach's attack.
You slash the giant cockroach!
You kill the giant cockroach!
No target in view!
No target in view!
No target in view!
No target in view!
No target in view!
No target in view!
No target in view!
No target in view!
No target in view!
No target in view!
No target in view!
No target in view!
(D) Dungeon
Where to? (Enter - D:3, ? - help)
There is a stone staircase leading down here.
You climb downwards.
A dart slug comes into view.
Found a glowing short sword and a ration.
Found a faded altar of an unknown god.
There is a stone staircase leading up here.
A dart slug is nearby!
The dart slug launches a dart at you.
The slug dart hits you but does no damage.
You slash the dart slug!
The dart slug is almost dead.
The dart slug bites you.
You hit the dart slug but do no damage.
The dart slug is almost dead.
You block the dart slug's attack.
Your shield prevents you from hitting the dart slug.
The dart slug is almost dead.
You block the dart slug's attack.
You hit the dart slug.
You kill the dart slug!
No target in view!
No target in view!
No target in view!
No target in view!
No target in view!
No target in view!
No target in view!
No target in view!
No target in view!
No target in view!
You see here a dart slug corpse.
There is a faded altar of an unknown god here.
You cannot tell which god this altar belongs to.
Convert to them anyway?
Okay, then.
Unknown command.
Press < or > to pray at altars.
You cannot tell which god this altar belongs to.
Convert to them anyway?
Yredelemnul accepts your prayer! Yredelemnul welcomes you!
You can now animate remains.
Unknown command.
Press < or > to pray at altars.
Are you sure you want to abandon this character and quit the game? (Confirm with "yes".)

# * , , .. , * #.* ###
* . * #.#####.. ,
#.###.......####* *
..........^... ,
#....♣..%.# * *
#...♣.♣†..# *,, * ,
♣.@.♣..# *, , ,,
*#...♣.♣...# ** , **
.......♣....#####..#**
............<....).. ,
,,
######.####....##### *
, #.* ####.... , * #.
..###* , * #.* * ,.# ,
* * .#


There were no monsters in sight!

Vanquished Creatures
  An adder (D:2)
  A dart slug (D:3)
  2 bats
  2 giant cockroaches
  3 hobgoblins (D:2)
  A rat (D:1)
10 creatures vanquished.

Notes
Turn   | Place    | Note
-------+----------+-------------------------------------------
     0 | D:1      | EnegeticOcto the Deep Dwarf Fighter began the quest for the
                  | Orb.
     0 | D:1      | Reached XP level 1. HP: 20/20 MP: 1/1
    66 | D:2      | Reached XP level 2. HP: 27/27 MP: 2/2
    97 | D:3      | Found a faded altar of an unknown god.
   108 | D:3      | Became a worshipper of Yredelemnul the Dark
   108 | D:3      | Reached * piety under Yredelemnul
   109 | D:3      | Quit the game

Levels and vault maps discovered:
D:1:      lemuel_arrival_lava_pool, layout_loops_ring
D:2:      layout_basic
D:3:      layout_loops_ring, chequers_ecumenical_altar_simple_redux,
          grunt_qazlal_clouds

Skill      XL: |  1  2 |
---------------+-------+-----
Fighting       | 3 |  3.0
Axes           | |  2.6
Armour         | |  3.4
Dodging        | |  0.7
Shields        | |  3.4

Action                   || total
-------------------------++-------
Melee: War axe           ||    25
Armor: Scale mail        ||    10
Dodge: Dodged            ||     9
Block: Kite shield       ||    15

Table legend:
 A = Non-vault XP
 B = Vault XP
 C = Vault XP percentage of total XP
 D = Non-vault monster count
 E = Vault monster count
 F = Vault count percentage of total count
                 A         B        C        D         E       F
            +---------+---------+-------+---------+---------+-------
      Total |      32 |       0 |   0.0 |      10 |       0 |   0.0
            +---------+---------+-------+---------+---------+-------
        D:1 |       5 |       0 |   0.0 |       3 |       0 |   0.0
        D:2 |      23 |       0 |   0.0 |       6 |       0 |   0.0
        D:3 |       4 |       0 |   0.0 |       1 |       0 |   0.0
            +---------+---------+-------+---------+---------+-------
